 Dungeon Crawl Stone Soup version 0.30-a0-924-g0ad0bf95bc (webtiles) character file.

Game seed: 15545620926719304601

560 HoaS the Skirmisher (level 7, 0/50 HPs)
             Began as a Formicid Hunter on Mar 22, 2023.
             Succumbed to a killer bee's poison
             ... on level 5 of the Dungeon.
             The game lasted 00:06:58 (3165 turns).

HoaS the Skirmisher (Formicid Hunter)               Turns: 3165, Time: 00:06:58

Health: 0/50       AC:  4    Str: 15    XL:     7   Next: 57%
Magic:  7/7        EV: 12    Int:  9    God:
Gold:   149        SH:  0    Dex: 25    Spells: 6/6 levels left

rFire   . . .      SeeInvis +    a - +2 shortbow
rCold   . . .      Faith    .    (no shield)
rNeg    . . .      Spirit   .    c - +1 leather armour
rPois   .          Reflect  .    (helmet unavailable)
rElec   .          Rampage  .    (no cloak)
rCorr   .                        (no gloves)
Will    .....                    (no boots)
Stlth   ++                       (no amulet)
HPRegen 0.28/turn                g - +6 ring of dexterity
MPRegen 0.10/turn                (no ring)

@: lethally poisoned (0 -> -18), studying Fighting
A: permanent stasis, dig shafts and tunnels, antennae 3, four strong arms
a: Dig, Shaft Self


You were on level 5 of the Dungeon.
You visited 1 branch of the dungeon, and saw 5 of its levels.

You collected 149 gold pieces.

Inventory:

Hand Weapons
 a - a +2 shortbow (weapon)
Armour
 c - a +1 leather armour (worn)
Jewellery
 g - a +6 ring of dexterity (left hand)
Wands
 j - a wand of quicksilver (13)
Scrolls
 b - 2 scrolls of immolation
 e - 2 scrolls of poison
 f - a scroll of magic mapping
 n - a scroll of fear
 o - a scroll of enchant armour
Potions
 h - a potion of invisibility
 i - a potion of flight
 k - a potion of curing {unknown}
 l - a potion of cancellation
 m - a potion of mutation
 q - a potion of resistance


   Skills:
 - Level 2.1 Fighting
 + Level 8.6 Ranged Weapons
 - Level 1.7 Dodging
 - Level 1.2 Stealth


You had 6 spell levels left.
You didn't know any spells.
Your spell library contained the following spells:

 Spells                   Type           Power      Damage    Failure   Level
 Borgnjor's Vile Clutch   Necr/Erth      0%         N/A       100%        5
 Fire Storm               Conj/Fire      0%         5d1       100%        9


Dungeon Overview and Level Annotations

Branches:
Dungeon (5/15)
 Temple: D:4-7

Altars:
Dithmenos
Gozag
Hepliaklqana
Trog

Shops:
D:3 *

Annotations:
D:5 1 runed translucent door, Crazy Yiuf


Innate Abilities, Weirdness & Mutations

You cannot be hasted, slowed, berserked, paralysed or teleported.
You can dig through walls and to a lower floor.
You have a pair of large antennae on your head. (SInv)
Your four strong arms can wield two-handed weapons with a shield.


Message History

The killer bee poisons you!
You feel very sick. The killer bee misses you.
You shoot an arrow.
The arrow closely misses the killer bee.
The arrow misses the killer bee.
You feel very sick. The killer bee stings you.
You are lethally poisoned!
The killer bee poisons you! The killer bee completely misses you.
You are too injured to fight recklessly!
You are too injured to fight recklessly!
You are too injured to fight recklessly!
You feel much better.
You feel very sick. The killer bee stings you.
You are more poisoned.
The killer bee poisons you! The killer bee misses you.
You shoot an arrow. The arrow barely misses the killer bee.
The arrow hits the killer bee!
The killer bee is severely wounded.
You feel very sick. The killer bee misses you.
The killer bee closely misses you.
You shoot an arrow. The arrow misses the killer bee.
The arrow hits the killer bee!
You kill the killer bee!
You feel very sick.
The killer bee closely misses you. x2; The killer bee stings you.
You are lethally poisoned!
The killer bee poisons you!
You shoot an arrow. The arrow hits the killer bee!
The killer bee is heavily wounded.
* * * LOW HITPOINT WARNING * * *
You feel very sick. The killer bee stings you.
* * * LOW HITPOINT WARNING * * *
The killer bee misses you.
You shoot an arrow. The arrow hits the killer bee.
The killer bee is severely wounded.
You die...

......)).####.#.#
.....)##.#..#)#.###
......##.#........#
......##........#.#
....)######.#.....#
####.## #........#
......# #<.......#
##....####.....####.#
......<.......yy@...#
.........##(.#h###.##
.#.#.#.#............?.
.#.#......###.P.PPPPP.P
...#.#.##.# #.Py{h..
.P. ...#.#... # #.
.P...P P. ..... ... #.
.P._.P #..... .. #.
.P...P ..... #. ......


You could see a howler monkey and 2 killer bees.

Vanquished Creatures
  A black bear (D:4)
  2 scorpions
  A killer bee (D:5)
  A hound (D:4)
  An iguana (D:5)
  3 orc wizards
  7 gnolls
  An adder (D:4)
  A worm (D:2)
  A dart slug (D:1)
  8 orcs
  4 bats (D:1)
  8 endoplasms
  4 giant cockroaches
  9 goblins
  9 hobgoblins
  14 jackals
  8 kobolds
  A quokka (D:4)
  6 ball pythons
  A frilled lizard (D:2)
  2 rats
93 creatures vanquished.

Vanquished Creatures (others)
  2 plants (D:1)
2 creatures vanquished.

Grand Total: 95 creatures vanquished

Notes
Turn   | Place    | Note
-------+----------+-------------------------------------------
     0 | D:1      | HoaS the Formicid Hunter began the quest for the Orb.
     0 | D:1      | Reached XP level 1. HP: 16/16 MP: 1/1
    52 | D:1      | Reached XP level 2. HP: 22/22 MP: 2/2
    62 | D:1      | Identified a scroll of acquirement
    62 | D:1      | Acquired a manual of Fighting
   289 | D:1      | Reached XP level 3. HP: 27/27 MP: 3/3
   696 | D:2      | Reached skill level 5 in Ranged Weapons
   774 | D:2      | Got Sif Muna's Handbook of Ghastly Combustion
   946 | D:2      | Reached XP level 4. HP: 33/33 MP: 4/4
  1273 | D:3      | Found a bloodstained altar of Trog.
  1632 | D:3      | Found Gozag's Platinum Reserve.
  1700 | D:3      | Found an opulent altar of Gozag.
  1901 | D:3      | Reached skill level 6 in Ranged Weapons
  1901 | D:3      | Reached XP level 5. HP: 19/38 MP: 5/5
  2171 | D:4      | Noticed a black bear
  2196 | D:4      | Reached XP level 6. HP: 41/44 MP: 6/6
  2391 | D:4      | Reached skill level 7 in Ranged Weapons
  2662 | D:4      | Found a hazy altar of Hepliaklqana.
  2826 | D:4      | Killed a black bear
  2938 | D:5      | Entered Level 5 of the Dungeon
  3016 | D:5      | Reached XP level 7. HP: 50/50 MP: 7/7
  3018 | D:5      | Reached skill level 8 in Ranged Weapons
  3035 | D:5      | Found a runed translucent door.
  3036 | D:5      | Noticed Crazy Yiuf
  3154 | D:5      | Found a shadowy altar of Dithmenos.
  3165 | D:5      | Succumbed to a killer bee's poison

Illustrated notes

Levels and vault maps discovered:
D:1:      dpeg_arrival_boxes_within_box, layout_rooms,
          minmay_misc_feat_nine_boxes, minmay_misc_feat_roman,
          serial_bayou_lagoon_a, item_on_display_b
D:2:      layout_basic, st_stairs_10
D:3:      layout_loops_ring, bloody_trog, nicolae_gozag_zags_fifth_avenue
D:4:      layout_loops_cross, lemuel_tele_altar, st_stairs_8
D:5:      layout_basic, mainiacjoe_overflow_cross_hatched,
          grunt_qazlal_sundering, uniq_eustachio, uniq_crazy_yiuf_cottage

Skill      XL: |  1  2  3  4  5  6  7 |
---------------+----------------------+-----
Ranged Weapons | 5 6 7 8 |  8.6
Fighting       | |  2.1
Dodging        | |  1.7
Stealth        | |  1.2

Action                     |  1- 3 |  4- 6 |  7- 9 || total
---------------------------+-------+-------+-------++-------
  Melee: Shortbow          |       |     4 |       ||     4
   Fire: Shortbow          |    81 |   106 |    35 ||   222
    Use: Scroll            |     5 |    11 |       ||    16
         Potion            |       |       |     1 ||     1
 Armour: Leather armour    |     5 |     8 |     1 ||    14
  Dodge: Dodged            |     4 |    29 |    12 ||    45

Table legend: (Time is in decaauts)
 A = Elapsed time spent in this place.
 B = Non-inter-level travel time spent in this place.
 C = Inter-level travel time spent in this place.
 D = Time resting spent in this place.
 E = Time spent auto-exploring this place.
 F = Levels seen in this place.
 G = Mean time per level.
                   A        B        C        D        E       F      G
               +--------+--------+--------+--------+--------+-----+--------+
         Total |   3228 |   3138 |     90 |    284 |   2308 |   5 |  645.6 |
       Dungeon |   3228 |   3138 |     90 |    284 |   2308 |   5 |  645.6 |
               +--------+--------+--------+--------+--------+-----+--------+

Top non-repeatable levels by time:
     D:4: 884 daAuts
     D:3: 838 daAuts
     D:1: 681 daAuts
     D:2: 630 daAuts
     D:5: 194 daAuts
